 Dungeon Sprint DCSS version 0.22.1-1-ga44c0e56f4 (webtiles) character file.

2073 MuseOD the Impaler (level 9, 0/87 HPs)
             Began as a Merfolk Berserker on Oct 7, 2018.
             Was an Elder of Trog.
             Slain by a polar bear (4 damage)
             ... in the Dungeon (Sprint II: "The Violet Keep of Menkaure").
             The game lasted 00:02:05 (601 turns).

MuseOD the Impaler (Merfolk Berserker)               Turns: 601, Time: 00:02:06

Health: 0/87       AC:  2    Str: 20    XL:     9   Next: 26%
Magic:  9/9        EV: 18    Int:  6    God:    Trog [****..]
Gold:   729        SH:  0    Dex: 14    Spells: 8/8 levels left

rFire    . . .     SeeInvis .   a - +0 spear
rCold    . . .     Gourm    .   (no shield)
rNeg     . . .     Faith    .   b - +0 animal skin
rPois    .         Spirit   .   (no helmet)
rElec    .         Reflect  .   (no cloak)
rCorr    .         Harm     .   (no gloves)
MR       .....     NoTele   +   (no boots)
Stlth    +.........             (no amulet)
HPRegen  0.24/turn              (no ring)
MPRegen  0.11/turn              (no ring)

@: lethally poisoned (0 -> -1), berserk cooldown, slowed, very slow
A: change form in water, swift swim, stealthy swim
a: Berserk, Trog's Hand, Brothers in Arms, Renounce Religion


You were in the Dungeon.
You worshipped Trog.
Trog was greatly pleased with you.
You were not hungry.

You visited 1 branch You collected 729 gold pieces.

Inventory:

Hand Weapons
 a - a +0 spear (weapon)
Armour
 b - a +0 animal skin (worn)
Scrolls
 i - a scroll of blinking
Potions
 f - a potion of haste
 g - 2 potions of magic
 h - a potion of berserk rage


   Skills:
 + Level 14.2 Fighting
 + Level 17.2 Polearms
 + Level 4.9 Armour
 + Level 9.2 Dodging
 + Level 0.4 Stealth


You had 8 spell levels left.
You didn't know any spells.
Your spell library was empty.

Dungeon Overview and Level Annotations

Branches:
Dungeon (1/1)

Altars:
Cheibriados
Dithmenos
Elyvilon
Hepliaklqana
Kikubaaqudgha
Makhleb
Qazlal
Ru
Sif Muna
Trog
Uskayaw
Wu Jian
Xom
Yredelemnul
Zin
The Shining One
Beogh
Jiyva
Lugonu

Shops:
D ?[:[:%:!=*=[!}=(

Annotations:
D exclusion: oklob plant


Message History

The polar bear claws your ogre.
The polar bear claws your ogre but does no damage.
You feel sick.
Your ogre closely misses the polar bear.
The polar bear bites your ogre!
Your ogre dies!
Your ogre's corpse disappears in a puff of smoke!
The polar bear bites you!
* * * LOW HITPOINT WARNING * * *
The polar bear claws you but does no damage.
The polar bear barely misses you.
Attack whom?
Press: ? - help, Dir - move target cursor, f - polar bear
Aim: a polar bear (moderately wounded)
You hit the polar bear but do no damage.
The polar bear is moderately wounded.
The polar bear barely misses you.
The polar bear claws you but does no damage.
The polar bear claws you.
You die...

......# #+##..# #.
...##.#### +.###
.#..#....# ...####
.).####..## #..##.# #'##
.##..# +..#..#
#.##...#..# #..#..# .<.÷#
+..####..##)#
#.##...#....###.@h##▓▓
#'# .##......≈≈≈§≈≈≈≈≈≈≈
.#.# #≈≈.....≈#+########
###.#≈≈≈≈≈≈≈§.≈#.._._._.#
##≈≈≈≈≈≈§§§≈#._._._..#
#≈≈≈≈§≈≈§≈§≈#_._._._.#
≈≈≈≈≈≈≈§≈≈≈≈#._._._._#
++#≈≈≈≈§§≈≈≈#.._._._.#
##≈≈§###§≈#..._._


You could see a polar bear.

Vanquished Creatures
  A merfolk siren (D)
  2 polar bears (D)
  2 tyrant leeches (D)
  2 hippogriffs (D)
  Menkaure (D)
  4 necrophages (D)
12 creatures vanquished.

Vanquished Creatures (collateral kills)
  A yaktaur (D)
  A hornet (D)
2 creatures vanquished.

Vanquished Creatures (others)
  A crocodile (D)
1 creature vanquished.

Grand Total: 15 creatures vanquished

Notes
Turn   | Place    | Note
-------+----------+-------------------------------------------
     0 | D        | MuseOD the Merfolk Berserker began the quest for the Orb.
     0 | D        | Reached XP level 1. HP: 18/18 MP: 1/1
     1 | D        | Noticed a necrophage
     1 | D        | Noticed a necrophage
     1 | D        | Noticed a necrophage
     1 | D        | Noticed a necrophage
     8 | D        | Killed a necrophage
     8 | D        | Reached skill level 8 in Polearms
     8 | D        | Reached XP level 2. HP: 29/29 MP: 2/2
     8 | D        | Reached XP level 3. HP: 35/35 MP: 3/3
     8 | D        | Reached XP level 4. HP: 41/41 MP: 4/4
    12 | D        | Killed a necrophage
    12 | D        | Reached skill level 10 in Polearms
    12 | D        | Reached skill level 5 in Dodging
    12 | D        | Reached XP level 5. HP: 49/49 MP: 5/5
    15 | D        | Killed a necrophage
    15 | D        | Reached ** piety under Trog
    15 | D        | Reached skill level 11 in Polearms
    15 | D        | Reached XP level 6. HP: 58/58 MP: 6/6
    19 | D        | Killed a necrophage
    19 | D        | Reached skill level 12 in Polearms
    63 | D        | Noticed a merfolk siren
    75 | D        | Killed a merfolk siren
    75 | D        | Reached *** piety under Trog
    75 | D        | Reached skill level 14 in Polearms
    75 | D        | Reached XP level 7. HP: 68/68 MP: 7/7
   112 | D        | Noticed a hippogriff
   112 | D        | Noticed a hippogriff
   119 | D        | Killed a hippogriff
   123 | D        | Killed a hippogriff
   123 | D        | Reached skill level 15 in Polearms
   123 | D        | Reached XP level 8. HP: 76/76 MP: 8/8
   179 | D        | Noticed a tyrant leech
   179 | D        | Noticed a tyrant leech
   209 | D        | Killed a tyrant leech
   216 | D        | Killed a tyrant leech
   216 | D        | Reached **** piety under Trog
   216 | D        | Reached skill level 16 in Polearms
   299 | D        | Found Oriu's Gadget Shop.
   299 | D        | Found Yxaiw's General Store.
   299 | D        | Found Deedgho's Antique Weapon Shop.
   299 | D        | Found Acimimul's Jewellery Boutique.
   299 | D        | Found Poib's Distillery.
   299 | D        | Found Jeptowee's Jewellery Boutique.
   300 | D        | Found Rosit's Antique Armour Shop.
   300 | D        | Found Ejues's Jewellery Boutique.
   300 | D        | Found Pimmudaeb's Distillery.
   301 | D        | Found Hitarux's Book Shop.
   301 | D        | Found Ypikk's Food Boutique.
   301 | D        | Noticed Menkaure
   301 | D        | Noticed an ice dragon
   303 | D        | Found Ruuxzyme's Book Boutique.
   303 | D        | Found Zoasucoodgh's Antique Armour Shop.
   303 | D        | Noticed an oklob plant
   304 | D        | Found Qicuxeah's Antique Armour Shop.
   304 | D        | Found Vuhuniro's Book Shoppe.
   304 | D        | Found Heroqut's Magic Scroll Boutique.
   305 | D        | Noticed a slime creature
   305 | D        | Noticed a slime creature
   306 | D        | Noticed a slime creature
   324 | D        | Killed Menkaure
   527 | D        | Noticed an ice statue
   537 | D        | Found a roughly hewn altar of Beogh.
   538 | D        | Found a hazy altar of Hepliaklqana.
   538 | D        | Found a snail-covered altar of Cheibriados.
   539 | D        | Found a stormy altar of Qazlal.
   539 | D        | Found a viscous altar of Jiyva.
   539 | D        | Found a shadowy altar of Dithmenos.
   540 | D        | Found a sacrificial altar of Ru.
   540 | D        | Found an ancient bone altar of Kikubaaqudgha.
   540 | D        | Found a white marble altar of Elyvilon.
   541 | D        | Found an ornate altar of the Wu Jian Council.
   541 | D        | Found a deep blue altar of Sif Muna.
   541 | D        | Found a corrupted altar of Lugonu.
   542 | D        | Found a shimmering altar of Xom.
   542 | D        | Found a bloodstained altar of Trog.
   542 | D        | Found a burning altar of Makhleb.
   543 | D        | Found a glowing golden altar of the Shining One.
   543 | D        | Found a basalt altar of Yredelemnul.
   543 | D        | Found a hide-covered altar of Uskayaw.
   547 | D        | Found a glowing silver altar of Zin.
   550 | D        | Noticed a polar bear
   557 | D        | Noticed a polar bear
   561 | D        | Killed a polar bear
   576 | D        | Killed a polar bear
   576 | D        | Reached XP level 9. HP: 86/86 MP: 9/9
   577 | D        | Noticed a hornet
   578 | D        | Noticed a yaktaur
   578 | D        | Noticed a polar bear
   585 | D        | Paralysed by a hornet for 3 turns
   593 | D        | Paralysed by a hornet for 1 turns
   595 | D        | Killed a hornet
   595 | D        | Reached skill level 17 in Polearms
   597 | D        | Killed a yaktaur
   600 | D        | HP: 4/87 [polar bear (16)]
   601 | D        | Slain by a polar bear

Skill      XL: |  1  2  3  4  5  6  7  8  9 |
---------------+----------------------------+-----
Fighting       | 6 8 9 11 12 13 14 | 14.2
Polearms       | 8 10 11 14 15 16 17 | 17.2
Armour         | 2 3 4 |  4.9
Dodging        | 4 5 7 8 9 |  9.2
Stealth        | |  0.4

Action                   |  1- 3 |  4- 6 |  7- 9 || total
-------------------------+-------+-------+-------++-------
Melee: Spear             |     6 |    21 |    81 ||   108
Invok: Berserk           |     1 |     1 |     3 ||     5
       Brothers in Arms  |       |       |     2 ||     2
  Use: Potion            |       |       |     2 ||     2
  Eat: Chunk             |       |       |     2 ||     2
       Ration            |       |       |     1 ||     1
Armor: Animal skin       |       |       |     7 ||     7
Dodge: Dodged            |     2 |     3 |    38 ||    43
